 Seeded DCSS version 0.29.1-12-g30fa7ad0bf (webtiles) character file.

Game seed: 9845822215292249863 (custom seed)

35 OTABOTABOTAB the Insei (level 3, 24/24 HPs)
             Began as an Octopode Transmuter on Jan 10, 2023.
             Quit the game on level 1 of the Dungeon.
             The game lasted 00:02:18 (1063 turns).

OTABOTABOTAB the Insei (Octopode Transmuter)        Turns: 1063, Time: 00:02:19

Health: 24/24      AC:  1    Str:  9    XL:     3   Next: 33%
Magic:  6/6        EV: 13    Int: 19    God:
Gold:   1532       SH:  0    Dex: 17    Spells: 3/6 levels left

rFire   . . .      SeeInvis .     - Unarmed
rCold   . . .      Faith    .   (no shield)
rNeg    . . .      Spirit   .   (helmet restricted)
rPois   .          Reflect  .   i - amulet of the acrobat
rElec   .          Harm     .   W - ring of willpower
rCorr   .          Rampage  .   k - ring "Vowanes" {Wiz Contam Int+2 Dex+5}
Will    +....                   (no ring)
Stlth   +++.......              (no ring)
HPRegen 0.08/turn               (no ring)
MPRegen 0.10/turn               (no ring)
                                (no ring)
                                (no ring)

@: no status effects
A: almost no armour, amphibious, 8 rings, camouflage 1, gelatinous body 1,
(nimble swimmer 1), tentacles
a: no special abilities


You were on level 1 of the Dungeon.
You visited 1 branch of the dungeon, and saw 1 of its levels.

You collected 1532 gold pieces.

Inventory:

Missiles
 e - 5 poisoned darts
 s - 12 stones
Magical Staves
 g - a staff of conjuration
   (You found it on level 1 of the Dungeon)
Jewellery
 i - an amulet of the acrobat (around mantle)
   (You found it on level 1 of the Dungeon)
 k - the ring "Vowanes" (right tentacle) {Wiz Contam Int+2 Dex+5}
   (You acquired it on level 1 of the Dungeon)

   [ring of wizardry]

   It improves your spell success rate.
   Int:       It affects your intelligence (+2).
   Dex:       It affects your dexterity (+5).
   Contam:    It causes magical contamination when unequipped.
 W - a ring of willpower (left tentacle)
   (You found it on level 1 of the Dungeon)
Scrolls
 a - a scroll of teleportation {unknown}
 b - a scroll of identify {unknown}
 j - a scroll of amnesia {unknown}
Potions
 c - a potion of heal wounds {unknown}
 f - a potion of curing {unknown}
 h - a potion of magic {unknown}
 P - a potion of lignification {!q}


   Skills:
 + Level 1.9 Fighting
 - Level 2.0 Dodging
 + Level 3.4 Unarmed Combat
 - Level 2.0 Spellcasting
 + Level 2.6 Transmutations


You had 3 spell levels left.
You knew the following spells:

 Your Spells              Type           Power      Damage    Failure   Level
a - Beastly Appendage     Tmut           22%        N/A       2%          1
b - Wereblood             Tmut           11%        N/A       3%          2

Your spell library contained the following spells:

 Spells                   Type           Power      Damage    Failure   Level
 Spider Form              Tmut/Pois      6%         N/A       12%         3
 Ice Form                 Ice/Tmut       6%         N/A       36%         4


Dungeon Overview and Level Annotations

Branches:
Dungeon (1/15)

Altars:


Innate Abilities, Weirdness & Mutations

You cannot wear most types of armour.
You are amphibious.
You can wear up to eight rings at the same time.
Your skin changes colour to match your surroundings (Stealth+).
Your rubbery body absorbs attacks. (AC +1, EV +1)
((You are camouflaged when in or above water. (Stealth+)))
You have tentacles for arms and can constrict up to eight enemies at once.


Message History

You are too injured to fight recklessly!
You are too injured to fight recklessly!
You tentacle-slap the gnoll.
You kill the gnoll!
You have reached level 3!
Your experience leads to an increase in your attributes!
Increase (s)trength, (i)ntelligence, or (d)exterity?
You feel clever. x2
You regained 3 hp, and now have 13/24 hp.
Your transformation is almost over.
Your tentacle spike disappears.
Items here: )) †††.
You now have 19 gold pieces (gained 11).
As you open the door, it creaks loudly!
There is an open door here.
You open the door.
A quokka comes into view.
Unknown command.
A quokka is nearby!
Health restored: 24; MP restored: 6
Things that are here:
2 scrolls labelled VOSEFAQATU; a staff of conjuration
g - a staff of conjuration
d - 3 scrolls labelled VOSEFAQATU (gained 2)
The quokka misses you.
You tentacle-slap the quokka. Your grab misses the quokka.
You squeeze the quokka.
You kill the quokka!
Unknown command.
No target in view!
No target in view!
W - a ring of willpower
h - a lumpy sapphire potion
s - 12 stones (gained 6)
There is an open door here.
A ball python comes into view.
A dart slug and a frilled lizard come into view.
The frilled lizard hisses angrily.
The frilled lizard bites you.
You take 2 damage, and have 22/24 hp.
Unknown command.
You closely miss the ball python. You grab the ball python.
You constrict the ball python. The ball python barely misses you.
The ball python closely misses you. The frilled lizard misses you.
You tentacle-slap the ball python.
You kill the ball python!
The dart slug launches a dart at you. The slug dart misses you.
The frilled lizard barely misses you.
You barely miss the frilled lizard. Your grab misses the frilled lizard.
Your tentacle-slap misses the frilled lizard.
You squeeze the frilled lizard.
You kill the frilled lizard!
Unknown command.
You tentacle-slap the dart slug. You grab the dart slug.
You squeeze the dart slug, but do no damage.
You constrict the dart slug. The dart slug closely misses you.
You tentacle-slap the dart slug. You squeeze the dart slug.
You constrict the dart slug. The dart slug barely misses you.
You completely miss the dart slug. You constrict the dart slug.
You kill the dart slug!
No target in view!
You see here a dart slug corpse.
A goblin comes into view. It is wielding a +0 dagger.
Health restored: 24 The goblin shouts!
Unknown command.
You tentacle-slap the goblin. You grab the goblin. You constrict the goblin.
You tentacle-slap the goblin.
You kill the goblin!
No target in view!
i - an amulet of the acrobat You start putting on your amulet.
You continue putting on your amulet of the acrobat. x5
You finish putting on your amulet of the acrobat.
You feel ready to tumble and roll out of harm's way.
i - an amulet of the acrobat (around mantle)
W - a ring of willpower (left tentacle)
Found a stone staircase leading down.
j - a scroll labelled ATISUPR BUVEAW You now have 31 gold pieces (gained 12).
You open the door.
There is an open door here.
You open the door.
There is an open door here.
You open the door.
There is an open door here.
Done exploring.
Done exploring.
Done exploring.
This is a scroll of acquirement!
Something appears before you!
k - the ring "Vowanes" {Wiz Contam Int+2 Dex+5} Really put on
k - the ring "Vowanes" {Wiz Contam Int+2 Dex+5}?
You feel clever.
You feel agile.
You feel a build-up of mutagenic energy.
k - the ring "Vowanes" (right tentacle) {Wiz Contam Int+2 Dex+5} Something appears before you!
You now have 687 gold pieces (gained 656).
Something appears before you!
You now have 1532 gold pieces (gained

845). # ###########
#>......... #.#######.#
#############.# #.#
#.............#### #.#
#.....@..........# #.#
#................####..
#...................##.
#................##.##.
#................##.##.
#................##.#..
#................##.#..
#############...)##....
#....####.#


There were no monsters in sight!

Vanquished Creatures
  A gnoll (D:1)
  2 dart slugs (D:1)
  5 bats (D:1)
  2 endoplasms (D:1)
  A giant cockroach (D:1)
  2 goblins (D:1)
  2 kobolds (D:1)
  A quokka (D:1)
  2 ball pythons (D:1)
  A frilled lizard (D:1)
  A rat (D:1)
20 creatures vanquished.

Notes
Turn   | Place    | Note
-------+----------+-------------------------------------------
     0 | D:1      | OTABOTABOTAB the Octopode Transmuter began the quest for
                  | the Orb.
     0 | D:1      | Reached XP level 1. HP: 13/13 MP: 3/3
   302 | D:1      | Reached XP level 2. HP: 12/18 MP: 5/5
   305 | D:1      | Learned a level 2 spell: Wereblood
   666 | D:1      | Reached XP level 3. HP: 13/24 MP: 4/6
  1056 | D:1      | Identified 3 scrolls of acquirement
  1056 | D:1      | Acquired the ring "Vowanes" {Wiz Contam Int+2 Dex+5}
  1059 | D:1      | Acquired 656 gold pieces
  1061 | D:1      | Acquired 845 gold pieces
  1063 | D:1      | Quit the game

Illustrated notes

Levels and vault maps discovered:
D:1:      giann_bridges, layout_basic

Action                   || total
-------------------------++-------
Melee: Unarmed           ||    43
       Constrict         ||    10
       Kick              ||     5
       Tentacles         ||    12
       Punch             ||     2
Throw: Stone             ||     2
 Cast: Beastly Appendage ||     3
 Abil: End Transformatio ||     2
  Use: Scroll            ||     3
 Stab: Sleeping          ||     4
Armor: Skin              ||     7
Dodge: Dodged            ||    30

Table legend: (Time is in decaauts)
 A = Elapsed time spent in this place.
 B = Non-inter-level travel time spent in this place.
 C = Inter-level travel time spent in this place.
 D = Time resting spent in this place.
 E = Time spent auto-exploring this place.
 F = Levels seen in this place.
 G = Mean time per level.
                   A        B        C        D        E       F      G
               +--------+--------+--------+--------+--------+-----+--------+
         Total |   1059 |   1059 |      0 |      0 |    868 |   1 | 1059.0 |
       Dungeon |   1059 |   1059 |      0 |      0 |    868 |   1 | 1059.0 |
               +--------+--------+--------+--------+--------+-----+--------+

Top non-repeatable levels by time:
     D:1: 1059 daAuts

Table legend:
 A = Kills in this place as a percentage of kills in entire the game.
 B = Kills by you in this place as a percentage of kills by you in the entire game.
 C = Kills by friends in this place as a percentage of kills by friends in the entire game.
 D = Other kills in this place as a percentage of other kills in the entire game.
 E = Experience gained in this place as a percentage of experience gained in the entire game.
 F = Experience gained in this place divided by the number of levels of this place that you have seen.
                   A       B       C       D       E      F
               +-------+-------+-------+-------+-------+----------------------
         Total | 100.0 | 100.0 |   N/A |   N/A | 100.0 |  50.0
       Dungeon | 100.0 | 100.0 |   N/A |   N/A | 100.0 |  50.0
               +-------+-------+-------+-------+-------+----------------------
